 Dungeon Crawl Stone Soup version 0.26.1-11-gd32895ea62 (webtiles) character file.

Game seed: 15017667270563116925

47 tizbic2 the Ruffian (level 3, -3/35 HPs)
             Began as an Ogre Transmuter on June 26, 2021.
             Slain by a worm (6 damage)
             ... on level 2 of the Dungeon.
             The game lasted 00:05:39 (1030 turns).

tizbic2 the Ruffian (Ogre Transmuter)               Turns: 1030, Time: 00:05:40

Health: -3/35      AC:  3    Str: 12 (14) XL:     3   Next: 70%
Magic:  5/6        EV: 10    Int: 11 (14) God:
Gold:   131        SH:  0    Dex:  7 (10) Spells: 5/6 levels left

rFire    . . .     SeeInvis .     - Unarmed
rCold    . . .     Faith    .   (no shield)
rNeg     . . .     Spirit   .   a - +0 robe
rPois    .         Reflect  .   (helmet currently unavailable)
rElec    .         Harm     .   (no cloak)
rCorr    .         Rampage  .   (gloves unavailable)
Will     .....                  (boots unavailable)
Stlth    +.........             (no amulet)
HPRegen  0.11/turn              (no ring)
MPRegen  0.10/turn              (no ring)

@: appendages, hasted, very quick
A: large, unfitting armour, horns 2, talons 2, tough skin 1
a: End Transformation


You were on level 2 of the Dungeon.
You had grown temporary horns.
You had grown temporary talons.
You visited 1 branch of the dungeon, and saw 2 of its levels.

You collected 131 gold pieces.

Inventory:

Armour
 a - a +0 robe (worn)
Scrolls
 c - 4 scrolls of identify {unknown}
 g - a scroll of magic mapping {unknown}
 h - a scroll of remove curse {unknown}
Potions
 d - a potion of might {unknown}
 f - a potion of mutation {unknown}
 i - a potion of heal wounds {unknown}


   Skills:
 - Level 1.7 Fighting
 - Level 1.7 Dodging
 * Level 4.1 Unarmed Combat
 - Level 2.4 Spellcasting
 - Level 1.7 Transmutations


You had 5 spell levels left.
You knew the following spells:

 Your Spells              Type           Power        Failure   Level
a - Beastly Appendage     Tmut           10%          14%         1

Your spell library contained the following spells:

 Spells                   Type           Power        Failure   Level
 Wereblood                Tmut           5%           21%         2
 Spider Form              Tmut/Pois      1%           52%         3
 Ice Form                 Ice/Tmut       3%           89%         4
 Blade Hands              Tmut           2%           98%         5


Dungeon Overview and Level Annotations

Branches:
Dungeon (2/15)

Altars:

Annotations:
D:2 Robin


Innate Abilities, Weirdness & Mutations

You are too large for most types of armour.
You have tough skin. (AC +1)
You have a pair of horns on your head.
You have razor-sharp toenails.


Message History

Your horns disappear.
Your talons disappear.
Robin throws the goblin at you! The goblin hits you with a +0 club.
You barely miss the goblin.
Robin flexes a bicep menacingly.
The goblin hits you with a +0 club.
* * * LOW HITPOINT WARNING * * *
Casting: Beastly Appendage (safe; 14% risk of failure)
Confirm with . or Enter, or press ? or * to list all spells.
You grow a pair of large bovine horns.
Your feet morph into talons.
The hobgoblin no longer looks unusually strong.
The goblin hits you with a +0 club.
* * * LOW HITPOINT WARNING * * *
The worm bites you.
* * * LOW HITPOINT WARNING * * *
Unknown command.
It was a potion of haste.
You feel yourself speed up. The goblin hits you with a +0 club.
* * * LOW HITPOINT WARNING * * *
The worm bites you.
You die...

... #.# #.# # #.....##
.####.#### #.# ...#
.........####### #.# #..## #
##.##..#gggggw.####.###...###.#
..g..#######@g...)..##....#.#
#.##.. ####..##.##...>..# .g
#.. ####.###.........# g ...
#....# ###.......# ##.. ######
#.......# #.# ##.....##
#.......# #.....<.# #.......#


You could see a worm, Robin, 3 hobgoblins and 2 goblins.

Vanquished Creatures
  A dart slug (D:1)
  4 giant cockroaches (D:1)
  11 goblins
  2 hobgoblins (D:1)
  A ball python (D:1)
  5 bats (D:1)
  10 frilled lizards (D:1)
  5 kobolds
  4 rats (D:1)
43 creatures vanquished.

Notes
Turn   | Place    | Note
-------+----------+-------------------------------------------
     0 | D:1      | tizbic2 the Ogre Transmuter began the quest for the Orb.
     0 | D:1      | Reached XP level 1. HP: 19/19 MP: 3/3
   148 | D:1      | Reached skill level 3 in Unarmed Combat
   169 | D:1      | Reached XP level 2. HP: 19/27 MP: 3/5
   311 | D:1      | Reached XP level 3. HP: 22/35 MP: 6/6
   785 | D:1      | Reached skill level 4 in Unarmed Combat
  1005 | D:2      | Noticed Robin
  1030 | D:2      | Slain by a worm

Illustrated notes

Levels and vault maps discovered:
D:1:      minmay_arrival_widening_spiral_wide, layout_basic, minmay_lizard_pond
D:2:      minmay_diamond_boxcup, layout_rooms, minmay_diced_spiral, uniq_robin

Skill      XL: |  1  2  3 |
---------------+----------+-----
Unarmed Combat | 3 4 |  4.1
Fighting       | |  1.7
Dodging        | |  1.7
Spellcasting   | |  2.4
Transmutations | |  1.7

Action                   || total
-------------------------++-------
Melee: Unarmed           ||   126
       Kick              ||    18
       Headbutt          ||     9
       Punch             ||     1
 Cast: Beastly Appendage ||    26
  Use: Potion            ||     3
Armor: Robe              ||    61
Dodge: Dodged            ||    74
